 Dungeon Crawl Stone Soup version 0.29.1-15-g9cfb28693d (webtiles) character file.

Game seed: 17156233685432044225

71850 raph the Devastator (level 14, -1/82 HPs)
             Began as a Deep Elf Conjurer on Apr 30, 2023.
             Was the Champion of Kikubaaqudgha.
             Killed by divine providence
             ... invoked by a meliai
              (7 damage)
             ... while petrified by a basilisk
             ... on level 14 of the Dungeon.
             The game lasted 01:08:14 (26700 turns).

raph the Devastator (Deep Elf Conjurer)            Turns: 26700, Time: 01:08:14

Health: -1/82      AC: 15    Str:  4    XL:     14   Next: 99%
Magic:  36/50      EV:  2    Int: 29    God:    Kikubaaqudgha [******]
Gold:   2197       SH:  0    Dex: 13    Spells: 0/37 levels left

rFire   . . .      SeeInvis .   a - staff of conjuration
rCold   . . .      Faith    .   L - +0 buckler
rNeg    + + +      Spirit   .   w - +2 robe of Winter {Regen+}
rPois   ∞          Reflect  .   i - +2 helmet
rElec   .          Harm     .   y - +2 cloak
rCorr   .          Rampage  .   p - +1 pair of gloves
Will    ++...                   Y - +2 pair of boots {Stlth+}
Stlth   +++.......              l - amulet "Ymmaan" {rN+ Will+ Regen+ MP+9}
HPRegen 1.83/turn               c - ring of magical power
MPRegen 0.32/turn               m - ring of wizardry

@: death channelling, petrified, animating dead
A: no striking features
a: Renounce Religion, Unearth Wretches, Torment


You were on level 14 of the Dungeon.
You worshipped Kikubaaqudgha.
Kikubaaqudgha was exalted by your worship.
You visited 3 branches of the dungeon, and saw 21 of its levels.
You also visited: Ossuary and Bailey.

You collected 2527 gold pieces.
You spent 330 gold pieces at shops.

Inventory:

Hand Weapons
 b - the +9 dagger of Indomitability {pain, rC- rN++ rCorr Dex+4}
   (You found it on level 1 of the Lair of Beasts)

   In the hands of one skilled in necromantic magic, it inflicts extra damage on
   living creatures.
   Dex:       It affects your dexterity (+4).
   rC:        It makes you vulnerable to cold.
   rN:        It greatly protects you from negative energy.
   rCorr:     It protects you from acid and corrosion.
 I - the +10 quarterstaff of the Cursing Augurer {pain, rF- Str+3 Stlth+}
   (You found it on level 2 of the Dungeon)

   In the hands of one skilled in necromantic magic, it inflicts extra damage on
   living creatures.
   Str:       It affects your strength (+3).
   rF:        It makes you vulnerable to fire.
   Stlth:     It makes you more stealthy.
Missiles
 s - 26 poisoned darts
 F - a throwing net
 U - 5 curare-tipped darts
Armour
 i - a +2 helmet (worn)
 p - a +1 pair of gloves (worn)
 w - the +2 robe of Winter (worn) {Regen+}
   (You found it on level 4 of the Dungeon)

   Regen:     It increases your rate of health regeneration.
 y - a +2 cloak (worn)
 L - a +0 buckler (worn)
 Y - a +2 pair of boots of stealth (worn)
Magical Staves
 a - a staff of conjuration (weapon)
Jewellery
 c - a ring of magical power (left hand)
 l - the amulet "Ymmaan" (around neck) {rN+ Will+ Regen+ MP+9}
   (You acquired it on level 2 of the Dungeon)

   [amulet of regeneration]

   rN:        It protects you from negative energy.
   MP:        It affects your magic capacity (+9).
   Regen:     It increases your rate of health regeneration.
   Will:      It increases your willpower.
 m - a ring of wizardry (right hand)
 v - a ring of magical power
 A - a ring of flight
 K - a ring of positive energy
 Q - the ring "Wennor" {rN+ Str+3}
   (You found it on level 8 of the Dungeon)

   [ring of positive energy]

   Str:       It affects your strength (+3).
   rN:        It protects you from negative energy.
Wands
 x - a wand of light (7)
 z - a wand of charming (38)
 C - a wand of roots (19)
 P - a wand of flame (58)
 R - a wand of mindburst (29)
 W - a wand of digging (4)
Scrolls
 g - 2 scrolls of magic mapping
 r - 15 scrolls of teleportation
 B - 2 scrolls of silence
 D - a scroll of amnesia
 G - 3 scrolls of blinking
 J - 2 scrolls of fear
 O - a scroll of brand weapon
 T - 2 scrolls of enchant weapon
Potions
 d - 3 potions of resistance
 e - 4 potions of flight
 f - 7 potions of heal wounds
 h - 9 potions of curing
 j - 4 potions of cancellation
 n - 2 potions of haste
 o - 7 potions of brilliance
 q - 7 potions of invisibility
 u - 2 potions of ambrosia
 E - 5 potions of magic
 M - 2 potions of berserk rage
 N - a potion of might
 V - 2 potions of mutation
Miscellaneous
 k - a phial of floods
 t - a condenser vane
 H - a phantom mirror
 X - a lightning rod (4/4)


   Skills:
 + Level 7.4 Fighting
 + Level 2.2 Short Blades
 + Level 10.9 Dodging
 - Level 2.4 Stealth
 + Level 1.6 Shields
 + Level 12.3 Spellcasting
 * Level 15.7 Conjurations
 - Level 12.0 Hexes
 * Level 13.4 Necromancy
 - Level 8.1 Translocations
 - Level 5.8 Earth Magic


You couldn't memorise any spells.
You knew the following spells:

 Your Spells              Type           Power      Damage    Failure   Level
a - Magic Dart            Conj           100%       1d8       0%          1
b - Searing Ray           Conj           100%       2d8       0%          2
c - Death Channel         Necr           38%        N/A       1%          6
d - Fulminant Prism       Conj/Hex       49%        3d21      1%          4
e - Iskenderun's Mystic   Conj/Tloc      92%        2d18      1%          4
f - Anguish               Hex/Necr       37%        N/A       1%          4
g - Animate Dead          Necr           77%        N/A       1%          4
h - Sublimation of Blood  Necr           77%        N/A       0%          2
i - Borgnjor's Vile Clut  Necr/Erth      32%        N/A       1%          5
j - Fireball              Conj/Fire      38%        3d16      1%          5

Your spell library contained the following spells:

 Spells                   Type           Power      Damage    Failure   Level
 Necrotise                Necr           100%       1d9       0%          1
 Beastly Appendage        Tmut           34%        N/A       1%          1
 Ensorcelled Hibernation  Hex/Ice        100%       N/A       1%          2
 Static Discharge         Conj/Air       76%        3-13/arc  1%          2
 Confusing Touch          Hex            73%        N/A       1%          3
 Dazzling Flash           Conj/Hex       100%       N/A       1%          3
 Mephitic Cloud           Conj/Pois/Air  64%        N/A       1%          3
 Vampiric Draining        Necr           77%        2d11      1%          3
 Dispel Undead            Necr           77%        3d25      1%          4
 Sticky Flame             Conj/Fire      76%        2d9       1%          4
 Agony                    Necr           77%        N/A       1%          5
 Wereblood                Tmut           17%        N/A       2%          2
 Corpse Rot               Necr/Pois/Air  43%        N/A       2%          4
 Summon Mana Viper        Hex/Summ       51%        N/A       3%          5
 Yara's Violent Unravell  Hex/Tmut       25%        3d11      3%          5
 Ignite Poison            Fire/Tmut/Pois 17%        N/A       4%          3
 Spider Form              Tmut/Pois      17%        N/A       4%          3
 Freezing Cloud           Conj/Ice/Air   32%        6-21      5%          5
 Starburst                Conj/Fire      38%        6d11      10%         6
 Enfeeble                 Hex            36%        N/A       10%         7
 Summon Ice Beast         Ice/Summ       17%        N/A       16%         4
 Simulacrum               Ice/Necr       27%        N/A       16%         6
 Borgnjor's Revivificati  Necr           38%        N/A       38%         8
 Infestation              Necr           38%        N/A       38%         8
 Haunt                    Necr/Summ      27%        N/A       61%         7
 Necromutation            Tmut/Necr      27%        N/A       99%         8
 Death's Door             Necr           38%        N/A       99%         9
 Monstrous Menagerie      Summ           8%         N/A       100%        7
 Ignition                 Fire           8%         3d5       100%        8


Dungeon Overview and Level Annotations

Branches:
Dungeon (14/15)            Temple (0/1) D:7            Lair (5/5) D:9
  Swamp (0/4) Lair:3       Spider (0/4) Lair:3        Slime (0/5) Lair:4
    Orc (2/2) D:9             Elf (0/3) Orc:2       Ossuary (visited)
 Bailey (visited)
 Vaults: D:13-14

Altars:
Ashenzari
Cheibriados
Dithmenos
Gozag
Kikubaaqudgha
Makhleb
Nemelex Xobeh
Okawaru
Qazlal
Ru
Sif Muna
Trog
Uskayaw
Wu Jian
Xom
Zin

Shops:
D:4 *   D:11 =   Orc:1 ?   Orc:2 ((*?

Annotations:
Lair:2 4 runed translucent doors, Pechyafi's ghost, journeyman DDEE; Reubyar's ghost, journeyman MiBe


Message History

The manticore claws you but does no damage.
The manticore claws you! The meliai hits you with a +0 hand axe!
The meliai stings you but does no damage.
Your spectral hell rat bites the meliai.
Your spectral hell rat drains the meliai.
The wyvern completely misses you. The meliai hits you but does no damage.
The meliai stings you. The manticore bites you!
* * * LOW HITPOINT WARNING * * *
The manticore claws you!
* * * LOW HITPOINT WARNING * * *
The manticore claws you.
* * * LOW HITPOINT WARNING * * *
The meliai hits you with a +0 hand axe!
* * * LOW HITPOINT WARNING * * *
The meliai stings you but does no damage.
The wyvern bites you but does no damage.
Your spectral hell rat bites the meliai.
The meliai hits you but does no damage.
The meliai stings you but does no damage.
The wyvern bites you.
* * * LOW HITPOINT WARNING * * *
Your spectral hell rat closely misses the meliai.
The manticore bites you.
* * * LOW HITPOINT WARNING * * *
The manticore claws you.
* * * LOW HITPOINT WARNING * * *
The manticore claws you.
The six-headed hydra bites your spectral hell rat.
Your spectral hell rat is destroyed!
The meliai hits you with a +0 hand axe.
* * * LOW HITPOINT WARNING * * *
The meliai stings you.
The meliai calls upon its god to heal the meliai.
The meliai's wounds heal themselves!
The wyvern bites you.
* * * LOW HITPOINT WARNING * * *
The meliai invokes the aid of its god against you.
Something smites you!
You die...
Kikubaaqudgha rasps: "You have failed me!
Welcome... oblivion!"

... #..........
...##..........
...#....[.....
.....D.......
#...lr.)....
#Hylll.....
#yylHh.....
#@## #..#####
##.....#
###+#######
######'##
#.........#
#.......#
#..^......#
#.......#
#<........#
#...)...#
#.........#
#.......#
#.........#
#.......#


You could see a six-headed hydra, 2 manticores, 3 basilisks, a hell hound, 2
wyverns, 3 meliai and a hell rat.

Vanquished Creatures
  An orc warlord (Orc:2)
  A dire elephant (Lair:5)
  7 hydras
  A catoblepas (Lair:5)
  2 boulder beetles (D:13)
  Erica (D:8)
  A tengu warrior (D:13)
  2 centaur warriors
  2 two-headed ogres
  Nergalle (Orc:1)
  Pikel (D:7)
  7 orc knights
  A lindwurm (Lair:5)
  4 orc sorcerers
  An ugly thing (D:12)
  An oklob plant (Lair:5)
  2 wolf spiders (Lair:3)
  A deep elf pyromancer (Bailey)
  4 manticores
  6 cyclopes
  6 elephants (Lair:2)
  8 black mambas
  4 torpor snails
  10 cane toads
  8 rime drakes
  2 tengu conjurers
  8 komodo dragons
  A polar bear (Lair:5)
  A tyrant leech (Lair:3)
  7 trolls
  2 dream sheep (Lair:5)
  19 blink frogs
  2 jumping spiders (Lair:3)
  A vampire (D:13)
  A shadow (D:12)
  A black mamba zombie (Lair:1)
  A spriggan (shapeshifter) (D:14)
  2 culicivoras (Lair:3)
  59 yaks
  3 basilisks
  4 wyverns
  A steam dragon (D:8)
  6 wraiths
  A fire elemental (D:13)
  A golden eye (shapeshifter) (D:13)
  A human (shapeshifter) (D:10)
  Eustachio (D:6)
  Grum (D:10)
  4 redbacks (Lair:3)
  3 vampire mosquitoes (D:12)
  Menkaure (D:6)
  9 wargs (Orc:2)
  A swamp worm (Lair:3)
  15 water moccasins
  2 acid dragons
  46 orc warriors
  A black bear (D:9)
  3 ice beasts
  A sky beast (D:8)
  12 ogres
  3 blink frog zombies (Lair:1)
  15 wolves
  4 lemures (D:7)
  6 centaurs
  3 kobold brigands
  3 phantoms
  8 bullfrogs
  A gnoll sergeant (D:9)
  3 scorpions
  2 necrophages
  13 wights
  6 killer bees (D:10)
  4 howler monkeys
  2 electric eels
  A jelly (D:6)
  A gnoll bouda (D:6)
  A hound (D:4)
  8 orc priests
  Crazy Yiuf (D:7)
  Terence (D:3)
  Jessica (D:2)
  6 iguanas
  Natasha (thrice) (D:2)
  7 orc wizards
  A hell rat (D:14)
  A mummy (D:7)
  Robin (D:2)
  11 gnolls
  11 adders
  A shadow imp (D:8)
  A white imp (D:5)
  3 ufetubi
  An adder zombie (Ossuary)
  A worm (D:4)
  6 dart slugs
  74 orcs
  11 ball pythons
  7 endoplasms
  4 giant cockroaches
  8 hobgoblins
  4 quokkas
  A ball python skeleton (Ossuary)
  4 bats
  7 frilled lizards
  15 goblins
  21 kobolds
  7 orc zombies
  6 rats
  A butterfly (Lair:2)
618 creatures vanquished.

Vanquished Creatures (collateral kills)
  Azrael (D:13)
  2 trolls (Orc:2)
  A fire elemental (D:13)
  2 wargs (Orc:2)
  2 hell hounds (D:13)
  4 orc warriors (Orc:2)
  A bullfrog (D:7)
  2 gnolls (Orc:2)
  7 orcs
22 creatures vanquished.

Vanquished Creatures (others)
  An angel (D:6)
  Lodul (D:10)
  3 orc warriors
  A rime drake zombie (D:14)
  4 warg zombies (Orc:2)
  A troll zombie (Orc:2)
  An orc priest (D:11)
  2 ogre zombies
  A hell rat zombie (D:14)
  5 orcs
  A gnoll zombie (Orc:2)
  44 orc zombies
  205 fulminant prisms
  50 fungi
  49 plants
369 creatures vanquished.

Grand Total: 1009 creatures vanquished

Notes
Turn   | Place    | Note
-------+----------+-------------------------------------------
     0 | D:1      | raph the Deep Elf Conjurer began the quest for the Orb.
     0 | D:1      | Reached XP level 1. HP: 10/10 MP: 6/6
   421 | D:1      | Reached XP level 2. HP: 15/15 MP: 8/8
   446 | D:1      | Learned a level 2 spell: Searing Ray
   507 | D:1      | Reached skill level 5 in Conjurations
   526 | D:1      | Found a faded altar of an unknown god.
  1205 | D:2      | Noticed Robin
  1208 | D:2      | Reached XP level 3. HP: 15/19 MP: 9/9
  1209 | D:2      | Killed Robin
  1450 | D:2      | Noticed Natasha
  1452 | D:2      | Killed Natasha
  1453 | D:2      | Reached skill level 6 in Conjurations
  1453 | D:2      | Reached XP level 4. HP: 24/24 MP: 10/10
  1610 | D:2      | Noticed Natasha
  1633 | D:2      | Killed Natasha
  1679 | D:2      | Noticed Jessica
  1682 | D:2      | Noticed Natasha
  1683 | D:2      | Killed Jessica
  1687 | D:2      | Killed Natasha
  1688 | D:2      | Reached skill level 7 in Conjurations
  1688 | D:2      | Reached XP level 5. HP: 28/28 MP: 11/11
  1699 | D:2      | You fall into a shaft and drop 1 floor!
  1818 | D:3      | Noticed Terence
  1828 | D:3      | Killed Terence
  2148 | D:3      | Learned a level 3 spell: Dazzling Flash
  2153 | D:3      | Learned a level 4 spell: Fulminant Prism
  2459 | D:2      | Reached skill level 1 in Hexes
  2525 | D:2      | Identified a scroll of acquirement
  2525 | D:2      | Acquired the amulet "Ymmaan" {rN+ Will+ Regen+ MP+9}
  2954 | D:2      | Identified the +10 quarterstaff of the Cursing Augurer
                  | {pain, rF- Str+3 Stlth+}
  3849 | D:4      | Reached XP level 6. HP: 32/32 MP: 13/13
  4109 | D:4      | Found a burning altar of Makhleb.
  4229 | D:4      | Found Agerph's Assorted Antiques.
  4356 | D:4      | Found a broken altar of Ashenzari.
  4391 | D:4      | Found a stormy altar of Qazlal.
  4402 | D:4      | Found a sacrificial altar of Ru.
  4410 | D:4      | Reached skill level 8 in Conjurations
  4971 | D:4      | Identified the +2 robe of Winter {Regen+}
  5179 | D:5      | Entered Level 5 of the Dungeon
  5189 | D:5      | Reached XP level 7. HP: 37/37 MP: 15/15
  5373 | D:5      | Reached skill level 1 in Fighting
  5591 | D:5      | Reached skill level 5 in Hexes
  5707 | D:5      | Found an iron altar of Okawaru.
  5874 | D:6      | Learned a level 4 spell: Iskenderun's Mystic Blast
  5985 | D:6      | Noticed an angel
  5987 | D:6      | Found a glowing silver altar of Zin.
  5988 | D:6      | Found a shimmering altar of Xom.
  5994 | D:6      | Noticed Eustachio
  6005 | D:6      | Killed Eustachio
  6006 | D:6      | Reached skill level 5 in Spellcasting
  6006 | D:6      | Reached skill level 9 in Conjurations
  6006 | D:6      | Reached XP level 8. HP: 43/43 MP: 17/17
  6145 | D:6      | Killed an angel
  6196 | D:6      | Found a sparkling altar of Nemelex Xobeh.
  6289 | D:6      | Found an ancient bone altar of Kikubaaqudgha.
  6300 | D:6      | Became a worshipper of Kikubaaqudgha
  6407 | D:6      | Noticed Menkaure
  6424 | D:6      | Killed Menkaure
  6531 | D:6      | Found an ornate altar of the Wu Jian Council.
  6558 | D:6      | Noticed a troll
  6570 | D:6      | Killed a troll
  6571 | D:6      | Reached skill level 5 in Dodging
  6571 | D:6      | Reached skill level 10 in Conjurations
  6571 | D:6      | Reached XP level 9. HP: 49/49 MP: 20/20
  6576 | D:6      | Learned a level 4 spell: Anguish
  6716 | D:7      | Reached skill level 1 in Necromancy
  6798 | D:7      | Noticed Pikel
  6813 | D:7      | Reached skill level 1 in Translocations
  6838 | D:7      | Identified the +3 long sword of the Dungeon {pain, rCorr}
  6857 | D:7      | Found a sand-covered staircase.
  6872 | Ossuary  | Entered an ossuary
  6921 | Ossuary  | Reached * piety under Kikubaaqudgha
  6921 | Ossuary  | Received a gift from Kikubaaqudgha
  7380 | D:7      | Found a flagged portal.
  7389 | Bailey   | Entered a bailey
  7494 | Bailey   | Noticed an orc knight
  7495 | Bailey   | Reached XP level 10. HP: 56/56 MP: 22/22
  7508 | Bailey   | Killed an orc knight
  7690 | Bailey   | Found a large runed translucent door.
  7690 | Bailey   | Found a large runed translucent door.
  7691 | Bailey   | Noticed a deep elf pyromancer
  7781 | Bailey   | Killed a deep elf pyromancer
  7937 | Bailey   | Identified the +6 mace of Hatunakh {flame, Will+ rCorr
                  | Dex+3}
  8019 | D:7      | Reached skill level 11 in Conjurations
  8084 | D:7      | Found a runed translucent door.
  8085 | D:7      | Noticed Crazy Yiuf
  8137 | D:7      | Killed Pikel
  8346 | D:7      | Reached ** piety under Kikubaaqudgha
  8357 | D:7      | Found a staircase to the Ecumenical Temple.
  8422 | D:7      | Learned a level 4 spell: Animate Dead
  8479 | D:7      | Killed Crazy Yiuf
  8576 | D:8      | Noticed Erica
  8584 | D:8      | Reached skill level 5 in Necromancy
  8585 | D:8      | Killed Erica
  8656 | D:8      | Found an opulent altar of Gozag.
  8698 | D:8      | Identified the ring "Wennor" {rN+ Str+3}
  8787 | D:8      | Learned a level 2 spell: Sublimation of Blood
  9138 | D:8      | Reached skill level 10 in Hexes
  9657 | D:9      | Reached XP level 11. HP: 61/61 MP: 25/25
 10314 | D:9      | Reached *** piety under Kikubaaqudgha
 10314 | D:9      | Received a gift from Kikubaaqudgha
 10439 | D:9      | Found a staircase to the Orcish Mines.
 10589 | D:9      | Found a staircase to the Lair.
 10858 | Lair:1   | Entered Level 1 of the Lair of Beasts
 11182 | Lair:1   | Reached skill level 12 in Conjurations
 11674 | Lair:1   | Identified the +9 dagger of Indomitability {pain, rC- rN++
                  | rCorr Dex+4}
 11958 | Lair:2   | Found a runed translucent gate.
 11958 | Lair:2   | Found a runed translucent gate.
 11958 | Lair:2   | Found a runed translucent gate.
 11962 | Lair:2   | Noticed Reubyar's ghost (journeyman MiBe)
 11962 | Lair:2   | Noticed Pechyafi's ghost (journeyman DDEE)
 11967 | Lair:2   | Noticed a five-headed hydra
 11979 | Lair:2   | Killed a five-headed hydra
 11990 | Lair:2   | Reached skill level 5 in Translocations
 11993 | Lair:2   | Reached skill level 5 in Fighting
 11994 | Lair:2   | Reached XP level 12. HP: 68/68 MP: 10/27
 12142 | Lair:2   | Found a runed translucent door.
 12410 | Lair:2   | Learned a level 5 spell: Borgnjor's Vile Clutch
 12827 | Lair:3   | Reached skill level 1 in Earth Magic
 12829 | Lair:3   | Reached **** piety under Kikubaaqudgha
 13216 | Lair:3   | Reached skill level 13 in Conjurations
 13787 | Lair:3   | Found a bloodstained altar of Trog.
 13847 | Lair:3   | Found a staircase to the Swamp.
 14011 | Lair:3   | Reached skill level 10 in Spellcasting
 14263 | Lair:3   | Found a hole to the Spider Nest.
 14346 | Lair:3   | Reached skill level 10 in Necromancy
 15164 | Lair:4   | Noticed a five-headed hydra
 15169 | Lair:4   | Killed a five-headed hydra
 15265 | Lair:4   | Reached XP level 13. HP: 74/74 MP: 29/29
 15407 | Lair:4   | Found a snail-covered altar of Cheibriados.
 15689 | Lair:4   | Reached ***** piety under Kikubaaqudgha
 16486 | Lair:4   | Found a staircase to the Slime Pits.
 16677 | Lair:5   | Entered Level 5 of the Lair of Beasts
 17317 | Lair:5   | Reached skill level 14 in Conjurations
 18100 | Lair:5   | Noticed a dire elephant
 18127 | Lair:5   | Killed a dire elephant
 18899 | Lair:5   | Reached skill level 5 in Earth Magic
 19235 | D:10     | Entered Level 10 of the Dungeon
 19336 | Orc:1    | Entered Level 1 of the Orcish Mines
 19343 | Orc:1    | Learned a level 5 spell: Fireball
 19385 | Orc:2    | Entered Level 2 of the Orcish Mines
 19388 | Orc:2    | Noticed an orc warlord
 19405 | Orc:2    | Killed an orc warlord
 19406 | Orc:2    | Reached XP level 14. HP: 45/80 MP: 12/31
 19529 | Orc:2    | Found a staircase to the Elven Halls.
 19631 | Orc:2    | Reached ****** piety under Kikubaaqudgha
 19639 | Orc:2    | Reached skill level 10 in Dodging
 21202 | Orc:2    | Found Cewner's Assorted Antiques.
 21202 | Orc:2    | Found Rungut's Magic Scroll Shop.
 21242 | Orc:2    | Found Hyogaji's Weapon Emporium.
 21242 | Orc:2    | Found Hohabe Ashuf's Antique Weapon Shop.
 21449 | Orc:1    | Noticed Nergalle
 21454 | Orc:1    | Killed Nergalle
 21490 | Orc:1    | Reached skill level 15 in Conjurations
 21674 | Orc:1    | Found Hipiwn's Magic Scroll Boutique.
 21898 | Orc:2    | Received a gift from Kikubaaqudgha
 22229 | D:10     | Noticed Lodul
 22242 | D:10     | Killed Lodul
 22462 | D:10     | Found a shadowy altar of Dithmenos.
 22740 | D:10     | Noticed Grum
 22745 | D:10     | Killed Grum
 23167 | D:10     | Found a shimmering blue altar of Sif Muna.
 23351 | D:10     | Found a hide-covered altar of Uskayaw.
 23571 | D:11     | Found Lelad's Jewellery Shoppe.
 23597 | D:11     | Bought a ring of wizardry for 330 gold pieces
 24982 | D:12     | Reached skill level 1 in Short Blades
 25530 | D:12     | Learned a level 6 spell: Death Channel
 25581 | D:13     | Reached skill level 1 in Shields
 25920 | D:13     | Noticed Azrael
 25927 | D:13     | Killed Azrael
 26700 | D:14     | Killed from afar by a meliai

Illustrated notes

Levels and vault maps discovered:
D:1:      dpeg_arrival_shrine, layout_basic, basic_ecumenical_altar
D:2:      layout_basic, minmay_misc_feat_columns, uniq_robin, uniq_jessica,
          uniq_natasha
D:3:      layout_basic, uniq_terence
D:4:      minmay_diamond_boxcup, layout_basic, ashenzari_conservatory_becter,
          lemuel_crystal_altar, mainiacjoe_overflow_large_starburst,
          serial_shops, shop_fountains
D:5:      layout_rooms, kennysheep_mini
D:6:      kennysheep_big_flooded_room, layout_basic,
          grunt_temple_overflow_order_and_chaos_1, mainiacjoe_overflow_brackets,
          nzn_wu_jian_contemplation, nemelex_diamond_rough_becter, minivault_22,
          uniq_eustachio, uniq_menkaure
D:7:      layout_rooms, minmay_temple_entry_purple_smoke, enter_bailey_8,
          nicolae_ossuary_entry_giza, grunt_ministairs_9, uniq_pikel,
          uniq_crazy_yiuf_cottage
D:8:      layout_rooms, mainiacjoe_overflow_alcove_1, roderic_lattice_a,
          minmay_misc_feat_room, minmay_door_square, moated_statue,
          grunt_decor_arrowhead, uniq_erica
D:9:      layout_basic, grunt_lair_entry_orc_guard_hut, orc_0_dummy
D:10:     layout_basic, nicolae_uskayaw_dance_studio, led_sif_pool,
          nicolae_dithmenos_shadow_blocks, serial_aquarium,
          aquarium_bridge_long_joined [aquarium_subvault_wall,
          aquarium_subvault_bridge, aquarium_subvault_bridge,
          aquarium_subvault_window, aquarium_subvault_bridge,
          aquarium_subvault_bridge], aquarium_window_1, aquarium_window_1,
          aquarium_window_corner, aquarium_view_2a, kennysheep_island_fort,
          uniq_lodul, uniq_grum
D:11:     layout_long_grid, serial_shops, nicolae_shop_stone, special_room
          [special_room_orc]
D:12:     layout_stronghold, serial_column_ruins, column_ruins_circle_medium,
          column_ruins_grid_2, column_ruins_grid_1, column_ruins_grid_4,
          column_ruins_grid_1, column_ruins_open_small, column_ruins_open_large,
          chequers_serial_rivers_marsh
D:13:     layout_rooms, uniq_azrael
D:14:     layout_roguey, grunt_vaults_entry_fortified, special_room
          [special_room_mythical_zoo], serial_shops,
          nicolae_shop_competitors_out_of_business, minmay_misc_feat_chi,
          kennysheep_opposing_triangles
Lair:1:   layout_regular_city
Lair:2:   dreamdust_labyrinth, layout_regular_city, gammafunk_ghost_cemetery,
          lemuel_fruit_fields
Lair:3:   layout_layer_cave, minmay_swamp_entry_worms,
          nicolae_spider_entry_tight_spaces, basic_altar,
          nicolae_lair_run_with_the_wolves
Lair:4:   layout_cave_pods, slime_entry_1, nicolae_quartered_pool_little,
          kennysheep_snail_temple, infiniplex_staircase_pool
Lair:5:   hangedman_lair_in_review, layout_regular_city, gauntlet_entry_generic
Orc:1:    layout_diamond_mine, serial_shops, nicolae_shop_crystal, uniq_nergalle
Orc:2:    st_orc_town, layout_caves, nicolae_orc_lava_tube,
          nicolae_orc_rich_vein

Skill      XL: |  1  2  3  4  5  6  7  8  9 10 11 12 13 14 |
---------------+-------------------------------------------+-----
Conjurations   | 5 6 7 8 9 10 11 12 13 14 15 | 15.7
Hexes          | 1 3 5 7 8 10 11 12 | 12.0
Spellcasting   | 4 5 6 7 8 9 10 11 12 | 12.3
Dodging        | 3 5 6 7 8 9 10 | 10.9
Fighting       | 1 2 3 4 5 6 7 |  7.4
Necromancy     | 3 6 8 10 11 13 | 13.4
Translocations | 2 3 5 6 7 8 |  8.1
Earth Magic    | 3 5 |  5.8
Short Blades   | 2 |  2.2
Shields        | 1 |  1.6
Stealth        | |  2.4

Action                   |  1- 3 |  4- 6 |  7- 9 | 10-12 | 13-15 || total
-------------------------+-------+-------+-------+-------+-------++-------
Melee: Dagger            |       |     4 |       |       |    26 ||    30
       Quarterstaff      |       |     2 |     7 |       |       ||     9
       Staff             |       |       |       |    15 |    35 ||    50
Throw: Dart              |       |       |       |       |     2 ||     2
 Cast: Magic Dart        |    29 |    22 |    21 |     5 |     3 ||    80
       Searing Ray       |    12 |    54 |    44 |    55 |     7 ||   172
       Fulminant Prism   |       |     4 |    36 |    88 |    77 ||   205
       Dazzling Flash    |       |     1 |       |       |       ||     1
       Iskenderun's Myst |       |       |     3 |    38 |    65 ||   106
       Animate Dead      |       |       |       |     1 |     5 ||     6
       Borgnjor's Vile C |       |       |       |    22 |   118 ||   140
       Anguish           |       |       |       |       |     4 ||     4
       Sublimation of Bl |       |       |       |       |     1 ||     1
       Fireball          |       |       |       |       |    62 ||    62
       Death Channel     |       |       |       |       |     2 ||     2
Invok: Receive Forbidden |       |       |       |       |     1 ||     1
Evoke: Wand              |       |       |       |     2 |       ||     2
  Use: Scroll            |       |    13 |     3 |    13 |     6 ||    35
       Potion            |       |       |     1 |       |     1 ||     2
 Stab: Sleeping          |       |     1 |     1 |       |     1 ||     3
Armor: Robe              |     3 |     5 |    23 |    35 |    69 ||   135
Dodge: Dodged            |    10 |    22 |    39 |    91 |   141 ||   303
Block: Buckler           |       |       |       |       |    12 ||    12
